 Dungeon Crawl Stone Soup version 0.29.1-14-g9c671dbff4 (webtiles) character file.

Game seed: 8676240570359485769

4 Buffaloe the Shooter (level 1, 20/20 HPs)
             Began as a Troll Hunter on Feb 19, 2023.
             Got out of the dungeon alive.
             The game lasted 00:00:56 (120 turns).

Buffaloe the Shooter (Troll Hunter)                  Turns: 120, Time: 00:00:57

Health: 20/20      AC:  4    Str: 18    XL:     1   Next: 58%
Magic:  0/0        EV: 10    Int:  5    God:
Gold:   0          SH:  0    Dex: 13    Spells: 0/0 levels left

rFire   . . .      SeeInvis .   (no weapon)
rCold   . . .      Faith    .   (no shield)
rNeg    . . .      Spirit   .   c - +0 robe
rPois   .          Reflect  .   (helmet restricted)
rElec   .          Harm     .   (no cloak)
rCorr   .          Rampage  .   (gloves unavailable)
Will    .....                   (boots unavailable)
Stlth   +.........              (no amulet)
HPRegen 0.86/turn               (no ring)
MPRegen 0.07/turn               (no ring)

@: no status effects
A: large, unfitting armour, claws 3, regeneration 1, shaggy fur 1, tough skin 1
a: no special abilities


You escaped.
You visited 1 branch of the dungeon, and saw 1 of its levels.

Inventory:

Armour
 c - a +0 robe (worn)
Scrolls
 b - a scroll of immolation


   Skills:
 + Level 1.6 Fighting
 - Level 2.6 Ranged Weapons
 + Level 1.6 Dodging
 + Level 0.5 Stealth
 + Level 0.3 Unarmed Combat


You couldn't memorise any spells.
You didn't know any spells.
Your spell library was empty.

Dungeon Overview and Level Annotations

Branches:
Dungeon (1/15)

Altars:


Innate Abilities, Weirdness & Mutations

You are too large for most types of armour.
You have claws for hands.
Your natural rate of healing is unusually fast.
You are covered in fur. (AC +1)
You have tough skin. (AC +1)


Message History

You see here a +0 club.
A dart slug comes into view.
A bat comes into view.
Found 4 gold pieces.
The bat hits you but does no damage. The rat attacks as you move away!
The rat closely misses you. The bat attacks as you move away!
The bat hits you but does no damage. The bat barely misses you.
The bat hits you. The rat attacks as you move away! The rat closely misses you.
The bat misses you.
A bat comes into view.
The bat barely misses you. The bat hits you. The bat closely misses you.
The frilled lizard unfolds its giant frill.
A ball python comes into view.
The bat barely misses you. The bat hits you but does no damage.
The bat hits you but does no damage. The bat hits you.
The bat barely misses you. x2
The bat attacks as you move away! The bat completely misses you.
The bat barely misses you. The bat hits you.
The bat hits you but does no damage. As you open the door, it creaks loudly!
The bat completely misses you. The bat hits you but does no damage.
The bat hits you but does no damage. x2
There is an open door here.
The bat hits you but does no damage. The bat closely misses you.
The bat hits you but does no damage.
You see here 2 poisoned darts.
The bat barely misses you. The bat completely misses you.
The bat closely misses you. The bat hits you but does no damage.
The bat closely misses you. The bat attacks as you move away!
The bat closely misses you. x2
The bat hits you but does no damage. The bat hits you but does no damage. x2
There is a staircase leading out of the dungeon here.
Are you sure you want to leave the Dungeon?
This will make you lose the game! The bat hits you but does no damage.
The bat closely misses you.
You have escaped!

### ##### ##.#
##.@.# # #S.#
##.bb## .##..#
#.r.## ..#..# ##...#
# ..#..#### #.l.##
≈# ........# ##(..#
~≈#
#....######w..##~~≈#
..#...w...'...'~≈≈≈#
......###.#...##~≈≈#


You could see a dart slug, 2 bats, a frilled lizard and a rat.

Vanquished Creatures
  3 hobgoblins (D:1)
  A rat (D:1)
4 creatures vanquished.

Notes
Turn   | Place    | Note
-------+----------+-------------------------------------------
     0 | D:1      | Buffaloe the Troll Hunter began the quest for the Orb.
     0 | D:1      | Reached XP level 1. HP: 19/19 MP: 0/0
   120 | D:$      | Got out of the dungeon alive.

Illustrated notes

Levels and vault maps discovered:
D:1:      evilmike_arrival_crescent, layout_basic, shapermc_ecumenical_altar_gd

Action                   || total
-------------------------++-------
Melee: Unarmed           ||    18
Armor: Robe              ||    18
Dodge: Dodged            ||    29
